 Dungeon Crawl Stone Soup version 0.23.2-40-g277498a001 (webtiles) character file.

Game seed: 1207450951149586752

126 Emblim88 the Grave Robber (level 4, -1/30 HPs)
             Began as a Mummy Necromancer on Aug 18, 2019.
             Slain by an ogre
             ... wielding a +0 giant spiked club
              (16 damage)
             ... on level 3 of the Dungeon.
             The game lasted 00:10:19 (3118 turns).

Emblim88 the Grave Robber (Mummy Necromancer)       Turns: 3118, Time: 00:10:20

Health: -1/30      AC:  5    Str: 11    XL:     4   Next: 83%
Magic:  6/10       EV: 12    Int: 15    God:
Gold:   170        SH:  0    Dex: 12    Spells: 6/11 levels left

rFire    x . .     SeeInvis .   g - +4 trident (freeze)
rCold    + . .     Gourm    .   (no shield)
rNeg     + + +     Faith    .   a - +0 robe
rPois    ∞         Spirit   .   (no helmet)
rElec    .         Reflect  .   (no cloak)
rCorr    .         Harm     .   (no gloves)
MR       .....                  (no boots)
Stlth    ++........             h - amulet of regeneration
HPRegen  0.50/turn              b - +3 ring of protection
MPRegen  0.12/turn              (no ring)

@: no status effects
A: no food or potions, fire vulnerability, cold resistance 1, negative energy
resistance 3, torment resistance, unbreathing
a: no special abilities


You were on level 3 of the Dungeon.
You were not hungry.

You visited 1 branch of the dungeon, and saw 4 of its levels.

You collected 170 gold pieces.

Inventory:

Hand Weapons
 g - a +4 trident of freezing (weapon)
Armour
 a - a +0 robe (worn)
Jewellery
 b - a +3 ring of protection (left hand)
 h - an amulet of regeneration (around neck)
 j - a cursed ring of attention {unknown}
Scrolls
 c - a scroll of magic mapping {unknown}
 d - 2 scrolls of enchant armour
 e - a scroll of remove curse {unknown}
 f - a scroll of teleportation
 i - 2 scrolls of enchant weapon
 k - a scroll of identify
 l - a scroll of fog {unknown}


   Skills:
 + Level 2.1 Dodging
 + Level 2.1 Stealth
 * Level 4.3 Spellcasting
 * Level 4.9 Necromancy


You had 6 spell levels left.
You knew the following spells:

 Your Spells              Type           Power        Failure   Level  Hunger
a - Pain                  Necr           ###.         2%          1    N/A
b - Animate Skeleton      Necr           N/A          2%          1    N/A
c - Vampiric Draining     Necr           ###.......   7%          3    N/A

Your spell library contained the following spells:

 Spells                   Type           Power        Failure   Level  Hunger
 Animate Dead             Necr           N/A          22%         4    N/A
 Regeneration             Chrm/Necr      Unusable     N/A         3    N/A

Dungeon Overview and Level Annotations

Branches:
Dungeon (4/15)
 Temple: D:4-7

Altars:
Cheibriados
Qazlal


Innate Abilities, Weirdness & Mutations

You do not eat or drink.
Your flesh is vulnerable to fire.
You are immune to poison.
Your flesh is cold resistant. (rC+)
You are immune to negative energy. (rN+++)
You are immune to unholy pain and torment.
You can survive without breathing.


Message History

You climb upwards.
There is a stone staircase leading down here.
Casting: Pain (safe; 2% risk of failure)
Confirm with . or Enter, or press ? or * to list all spells.
Aiming: Pain (safe; 2% risk of failure)
Press: ? - help, Shift-Dir - straight line, f - ogre
Aim: an ogre, wielding a +0 giant spiked club (heavily wounded, chance to defeat MR: 78%)
The ogre writhes in agony.
Casting: Pain (safe; 2% risk of failure)
Confirm with . or Enter, or press ? or * to list all spells.
You don't know that spell.
Casting: Pain (safe; 2% risk of failure)
Confirm with . or Enter, or press ? or * to list all spells.
Aiming: Pain (safe; 2% risk of failure)
Press: ? - help, Shift-Dir - straight line, f/p - ogre
Aim: an ogre, wielding a +0 giant spiked club (severely wounded, chance to defeat MR: 78%)
The ogre barely resists.
The ogre hits you with a +0 giant spiked club!
Ouch! That really hurt!
You die...

#.##.....####...#####..........
#^.......# #...#####.......###
####.....# #...............# #
#.....# #...>......###### #
#.....# #.....>....# # ##'####
#..........# # #.# #....<.....#
# #.#######.O........# #
#.........@........# #
########...........# #
#...........# # #...........# #
#...........# #
#.#####'###.######## #.#
#...#..........#
#########.###.###>#.#.......
#...............#.#.##......


You could see an ogre.

Vanquished Creatures
  Terence (D:2)
  2 adders
  An ooze (D:1)
  2 worms (D:2)
  2 dart slugs
  A leopard gecko (D:1)
  5 orcs
  8 bats
  2 giant cockroaches
  8 goblins
  7 hobgoblins
  10 jackals
  3 frilled lizards
  7 kobolds
  2 rats
61 creatures vanquished.

Notes
Turn   | Place    | Note
-------+----------+-------------------------------------------
     0 | D:1      | Emblim88 the Mummy Necromancer began the quest for the Orb.
     0 | D:1      | Reached XP level 1. HP: 13/13 MP: 4/4
   136 | D:1      | Learned a level 1 spell: Animate Skeleton
   200 | D:1      | Reached XP level 2. HP: 19/19 MP: 1/6
   573 | D:1      | Reached XP level 3. HP: 24/24 MP: 4/7
   698 | D:2      | Noticed Terence
   966 | D:2      | Killed Terence
  1195 | D:2      | Learned a level 3 spell: Vampiric Draining
  1672 | D:2      | Reached XP level 4. HP: 30/30 MP: 4/9
  1864 | D:2      | Found a stormy altar of Qazlal.
  1960 | D:2      | Found a snail-covered altar of Cheibriados.
  3100 | D:4      | Noticed an ogre
  3118 | D:3      | Slain by an ogre

Skill      XL: |  1  2  3  4 |
---------------+-------------+-----
Spellcasting   | 3 4 |  4.3
Dodging        | 2 |  2.1
Stealth        | 2 |  2.1
Necromancy     | |  4.9

Action                   |  1- 3 |  4- 6 || total
-------------------------+-------+-------++-------
Melee: Unarmed           |     2 |       ||     2
       Trident           |       |     2 ||     2
 Cast: Pain              |    67 |    71 ||   138
  Use: Scroll            |       |     3 ||     3
Armor: Robe              |    12 |     8 ||    20
Dodge: Dodged            |    18 |    17 ||    35
